 Dungeon Crawl Stone Soup version 0.24.0-37-gcf1ca852f1 (webtiles) character file.

Game seed: 14121641958485207313, levelgen mode: deterministic

144 Mrkan the Chopper (level 5, -2/47 HPs)
             Began as a Hill Orc Fighter on Nov 25, 2019.
             Slain by a hound (3 damage)
             ... on level 2 of the Dungeon.
             The game lasted 00:03:40 (1973 turns).

Mrkan the Chopper (Hill Orc Fighter)                Turns: 1973, Time: 00:03:41

Health: -2/47      AC: 11    Str: 20    XL:     5   Next: 26%
Magic:  5/5        EV:  5    Int:  8    God:
Gold:   75         SH:  9    Dex: 10    Spells: 4/4 levels left

rFire    . . .     SeeInvis .   a - +0 war axe
rCold    . . .     Gourm    .   c - +0 shield
rNeg     . . .     Faith    .   p - +0 chain mail
rPois    .         Spirit   .   m - +0 helmet
rElec    .         Reflect  .   (no cloak)
rCorr    .         Harm     .   s - +0 pair of gloves
MR       .....                  (no boots)
Stlth    ..........             (no amulet)
HPRegen  0.15/turn              (no ring)
MPRegen  0.09/turn              (no ring)

@: no status effects
A: no striking features
a: no special abilities


You were on level 2 of the Dungeon.
You were hungry.

You visited 1 branch of the dungeon, and saw 3 of its levels.

You collected 75 gold pieces.

Inventory:

Hand Weapons
 a - a +0 war axe (weapon)
Armour
 c - a +0 shield (worn)
 m - a +0 helmet (worn)
 p - a +0 chain mail (worn)
 s - a +0 pair of gloves (worn)
Jewellery
 n - a +4 ring of slaying {unknown}
Scrolls
 b - a scroll of teleportation {unknown}
 h - 2 scrolls of blinking {unknown}
 i - 3 scrolls of identify {unknown}
 j - a scroll of immolation {unknown}
 r - a scroll of fog {unknown}
Potions
 d - 2 potions of might
 e - a potion of berserk rage {unknown}
 g - 4 potions of heal wounds {unknown}
 k - 2 potions of degeneration {unknown}
 l - a potion of curing {unknown}
 o - a potion of haste {unknown}
 q - a potion of ambrosia {unknown}
Comestibles
 f - 4 rations


   Skills:
 + Level 4.5 Fighting
 * Level 4.8 Axes
 + Level 4.0 Armour
 + Level 4.1 Shields


You had 4 spell levels left.
You didn't know any spells.
Your spell library was empty.

Dungeon Overview and Level Annotations

Branches:
Dungeon (3/15)

Altars:


Message History

The gnoll hits you but does no damage.
You hit the gnoll.
You kill the gnoll!
A hound comes into view.
Unknown command.
The hound barely misses you.
There is a stone staircase leading up, spattered with blood here.
You see here a +0 whip.
The hound barely misses you.
You climb upwards.
There is a stone staircase leading down here.
You closely miss the hound. The hound bites you but does no damage.
You block the hound's attack.
Your shield and chain mail prevent you from hitting the hound.
The hound bites you.
* * * LOW HITPOINT WARNING * * *
You block the hound's attack.
You hit the hound but do no damage. The hound bites you but does no damage.
The hound bites you.
You die...

#.#.#########...#####
#.#.# #..## #.#.#
#.(###### #.#.#
#..(..... #.#.#
##(###### #.#.# #(#
#.#.# #.######
#.#.##########.#.....
#...@h...........####
######.#######...####
#.# #....... #.#
#.#.#### #.# #.#.###.
#[# #.......
######.#### ###.##..
#.........# #.##.#
#.####.##.## #.....


You could see a hound.

Vanquished Creatures
  4 gnolls
  4 adders (D:2)
  An ooze (D:1)
  3 worms (D:2)
  3 dart slugs (D:1)
  2 giant cockroaches (D:2)
  10 goblins
  6 hobgoblins
  4 ball pythons (D:2)
  4 bats
  2 frilled lizards
  8 kobolds
  6 rats
57 creatures vanquished.

Notes
Turn   | Place    | Note
-------+----------+-------------------------------------------
     0 | D:1      | Mrkan the Hill Orc Fighter began the quest for the Orb.
     0 | D:1      | Reached XP level 1. HP: 19/19 MP: 1/1
    72 | D:1      | Reached XP level 2. HP: 16/27 MP: 2/2
   138 | D:1      | Reached XP level 3. HP: 11/33 MP: 3/3
   887 | D:2      | Reached XP level 4. HP: 24/40 MP: 4/4
  1956 | D:3      | Reached XP level 5. HP: 30/47 MP: 5/5
  1965 | D:3      | HP: 2/47 [gnoll/+0 halberd (9)]
  1972 | D:2      | HP: 1/47 [hound (3)]
  1973 | D:2      | Slain by a hound

Levels and vault maps discovered:
D:1:      dpeg_arrival_prison, layout_rooms, serial_curves, eino_curves_04,
          eino_curves_03, minmay_indecisive_spiral
D:2:      minmay_door_path, layout_loops_ring
D:3:      layout_loops_cross, tgw_sif, lemuel_doored_altar,
          kiku_gazebo_pond_becter

Skill      XL: |  1  2  3  4 |
---------------+-------------+-----
Axes           | 3 4 |  4.8
Fighting       | 4 |  4.5
Shields        | 4 |  4.1
Armour         | 4 |  4.0

Action                   |  1- 3 |  4- 6 || total
-------------------------+-------+-------++-------
Melee: War axe           |    92 |   108 ||   200
  Eat: Chunk             |       |     3 ||     3
Armor: Scale mail        |    51 |     9 ||    60
       Chain mail        |       |    41 ||    41
Dodge: Dodged            |    39 |    27 ||    66
Block: Shield            |    61 |    59 ||   120
